Map: Dusk Towers

Players

Try

  • Race: Protoss Protoss
  • League: Diamond

hatibe - Winner!

  • Race: Terran Terran
  • League: Diamond

VOD

Have the link to the VOD?

Description

Time

  • Played on: Jan. 24, 2016, 2:09 a.m.
  • Length: 5:12
Show
View Real Time Build Order
Export as new Build Order

Try Protoss 

Build Orders: 1 Gate Expand 

Get SALT Encoding   

  12  0:01  Probe (Chrono Boost)  
  13  0:12  Probe (Chrono Boost)  
  14  0:19  Pylon  
  14  0:23  Probe (Chrono Boost)  
  15  0:37  Probe (Chrono Boost)  
  15  0:40  Gateway  
  16  0:48  Probe (Chrono Boost)  
  17  0:50  Assimilator  
  17  0:58  Probe (Chrono Boost)  
  18  1:09  Probe (Chrono Boost)  
  19  1:23  Nexus  
  19  1:25  Probe (Chrono Boost)  
  20  1:34  Cybernetics Core  
  20  1:36  Probe (Chrono Boost)  
  21  1:42  Assimilator  
  21  1:46  Probe (Chrono Boost)  
  22  1:51  Pylon  
  22  1:57  Probe (Chrono Boost)  
  23  2:10  Mothership Core (Chrono Boost)  
  23  2:11  Adept  
  27  2:21  Warp Gate  
  27  2:29  Probe (Chrono Boost)  
  27  2:40  Robotics Facility  
  27  2:44  Probe (Chrono Boost)  
  27  2:45  Probe (Chrono Boost)  
  29  2:51  Adept, Pylon  
  29  2:55  Probe x2 (Chrono Boost)  
  34  3:05  Probe (Chrono Boost)  
  34  3:06  Probe (Chrono Boost)  
  33  3:16  Probe x2 (Chrono Boost), Forge  
  35  3:25  Probe (Chrono Boost)  
  35  3:27  Probe (Chrono Boost), Observer (Chrono Boost)  
  38  3:35  Probe  
  38  3:38  Probe  
  40  3:41  Pylon  
  40  3:46  Probe  
  41  3:53  Warp Prism (Chrono Boost)  
  43  3:56  Gateway, Probe  
  43  3:57  Gateway  
  43  4:00  Gateway  
  44  4:10  Photon Cannon  
  36  4:51  Mothership Core (Chrono Boost)  
  30  4:57  Probe (Chrono Boost)  
  31  5:00  Adept  
  31  5:01  Adept  
  31  5:02  Adept  
Show
View Real Time Build Order
Export as new Build Order

hatibe Terran - Winner!

Build Orders: 1/1/1, Liberator Opening 

Get SALT Encoding   

  12  0:00  SCV  
  13  0:13  SCV  
  14  0:17  Supply Depot  
  14  0:25  SCV  
  15  0:39  SCV  
  15  0:40  Barracks  
  16  0:45  Refinery  
  16  0:51  SCV  
  16  0:52  Refinery  
  17  1:03  SCV  
  18  1:15  SCV  
  19  1:27  Orbital Command  
  19  1:28  Marine  
  20  1:33  Factory  
  20  1:45  Supply Depot  
  20  1:46  Barracks Reactor  
  20  1:54  SCV  
  21  2:06  SCV  
  22  2:17  Starport  
  22  2:19  Widow Mine  
  22  2:22  SCV  
  25  2:23  Marine x2  
  25  2:26  Supply Depot  
  27  2:36  SCV  
  28  2:40  Marine  
  28  2:41  Marine  
  30  2:48  SCV, Widow Mine  
  33  2:55  Medivac  
  35  2:58  Marine x2  
  35  3:02  Supply Depot  
  37  3:11  SCV  
  38  3:16  Marine  
  39  3:20  Factory Tech Lab  
  39  3:22  Marine  
  39  3:23  SCV  
  40  3:29  Liberator  
  40  3:34  Marine  
  41  3:45  Command Center  
  44  3:55  Supply Depot  
  44  4:00  Cyclone  
  47  4:16  SCV  
  48  4:20  Marine x2  
  50  4:29  SCV  
  51  4:38  Marine x2  
  51  4:41  SCV  
  54  4:53  SCV  
  54  4:58  Barracks  
  57  5:01  Barracks  
Tags
 
Add a new tag
Caveats
  • Supply blocks, unpowered buildings, or Contaminate may cause inaccurate times.
  • Supply counts are checked every 10 seconds.